 Dungeon Crawl Stone Soup version 0.28-a0-984-g3775c662fe (webtiles) character file.

Game seed: 7432811072891209274

51 derath95 the Digger (level 3, -7/19 HPs)
             Began as a Gargoyle Earth Elementalist on Dec 3, 2021.
             Killed by divine providence
             ... invoked by an orc priest
              (16 damage)
             ... on level 3 of the Dungeon.
             The game lasted 00:06:06 (2759 turns).

derath95 the Digger (Gargoyle Earth Elementalist)   Turns: 2759, Time: 00:06:07

Health: -7/19      AC:  5    Str: 11    XL:     3   Next: 83%
Magic:  3/7        EV: 11    Int: 17    God:
Gold:   65         SH:  0    Dex: 10    Spells: 6/7 levels left

rFire   . . .      SeeInvis .   (no weapon)
rCold   . . .      Faith    .   (no shield)
rNeg    + . .      Spirit   .   b - +0 robe
rPois   ∞          Reflect  .   (no helmet)
rElec   +          Harm     .   (no cloak)
rCorr   .          Rampage  .   (no gloves)
Will    .....                   (no boots)
Stlth   ++........              (no amulet)
HPRegen 0.06/turn               (no ring)
MPRegen 0.10/turn               (no ring)

@: no status effects
A: sickness immunity, AC +3, negative energy resistance 1, electricity
resistance, torment resistance 1, petrification resistance
a: no special abilities


You were on level 3 of the Dungeon.
You visited 1 branch of the dungeon, and saw 3 of its levels.

You collected 65 gold pieces.

Inventory:

Missiles
 c - 12 stones
 i - a throwing net
Armour
 b - a +0 robe (worn)
Wands
 j - a wand of flame (26)
Scrolls
 a - a scroll of identify {unknown}
 d - 2 scrolls of amnesia {unknown}
 e - a scroll of fog {unknown}
 g - 2 scrolls of acquirement {unknown}
 h - a scroll of noise {unknown}
 l - a scroll of immolation {unknown}
Potions
 f - a potion of berserk rage {unknown}
 k - 3 potions of curing {unknown}


   Skills:
 - Level 1.5 Dodging
 - Level 2.5 Stealth
 + Level 2.8 Spellcasting
 - Level 0.7 Transmutations
 + Level 4.7 Earth Magic


You had 6 spell levels left.
You knew the following spells:

 Your Spells              Type           Power      Damage    Failure   Level
a - Sandblast             Erth           36%        2d10      2%          1

Your spell library contained the following spells:

 Spells                   Type           Power      Damage    Failure   Level
 Passwall                 Tmut/Erth      9%         N/A       9%          2
 Stone Arrow              Conj/Erth      20%        3d8       21%         3
 Petrify                  Tmut/Erth      11%        N/A       50%         4


Dungeon Overview and Level Annotations

Branches:
Dungeon (3/15)

Altars:


Innate Abilities, Weirdness & Mutations

You are immune to sickness and miasma.
Your stone body is resilient. (AC +3)
You are immune to poison.
You resist negative energy. (rN+)
You are resistant to electric shocks. (rElec)
You are resistant to unholy torment.
You are immune to petrification.


Message History

The orc priest shouts!
You hear a shout! x3
Casting: Sandblast (safe; 2% risk of failure)
Confirm with . or Enter, or press ? or * to list all spells.
Aiming: Sandblast (safe; 2% risk of failure)
Press: ? - help, Shift-Dir - straight line, f - scorpion
Aim: a scorpion (79% to hit)
The blast of sand hits the scorpion but does no damage.
The orc priest calls down the wrath of Beogh upon you.
Beogh smites you!
A giant cockroach comes into view.
You hear a shout!
Casting: Sandblast (safe; 2% risk of failure)
Confirm with . or Enter, or press ? or * to list all spells.
Aiming: Sandblast (safe; 2% risk of failure)
Press: ? - help, Shift-Dir - straight line, f/p - scorpion
Aim: a scorpion (79% to hit)
The blast of sand hits the scorpion.
The scorpion is moderately wounded.
You hear a shout!
The scorpion closely misses you. x2
Casting: Sandblast (safe; 2% risk of failure)
Confirm with . or Enter, or press ? or * to list all spells.
Aiming: Sandblast (safe; 2% risk of failure)
Press: ? - help, Shift-Dir - straight line, f/p - scorpion
Aim: a scorpion (moderately wounded, 79% to hit)
The blast of sand misses the scorpion.
The blast of sand hits the orc priest!
The orc priest is severely wounded.
The scorpion stings you but does no damage.
Casting: Sandblast (safe; 2% risk of failure)
Confirm with . or Enter, or press ? or * to list all spells.
Aiming: Sandblast (safe; 2% risk of failure)
Press: ? - help, Shift-Dir - straight line, f/p - scorpion
Aim: a scorpion (moderately wounded, 79% to hit)
The blast of sand hits the scorpion but does no damage.
The scorpion is moderately wounded.
The scorpion stings you.
The orc priest invokes the aid of Beogh against you.
Beogh smites you!
Ouch! That really hurt!
You die...

...#####################
....Bos@................
########################
######### ........#
##################.##
#......<.............


You could see a scorpion, an orc priest and a giant cockroach.

Vanquished Creatures
  2 adders
  A dart slug (D:1)
  5 ball pythons
  2 bats
  4 endoplasms
  A giant cockroach (D:2)
  2 goblins
  4 hobgoblins
  4 kobolds (D:1)
  A quokka (D:1)
  2 frilled lizards
28 creatures vanquished.

Vanquished Creatures (others)
  A fungus (D:1)
1 creature vanquished.

Grand Total: 29 creatures vanquished

Notes
Turn   | Place    | Note
-------+----------+-------------------------------------------
     0 | D:1      | derath95 the Gargoyle Earth Elementalist began the quest
                  | for the Orb.
     0 | D:1      | Reached XP level 1. HP: 10/10 MP: 3/3
   263 | D:1      | Reached XP level 2. HP: 15/15 MP: 3/5
   341 | D:1      | Reached skill level 4 in Earth Magic
  1443 | D:1      | Reached XP level 3. HP: 19/19 MP: 6/6
  1606 | D:1      | Found a faded altar of an unknown god.
  2750 | D:3      | Noticed a scorpion
  2759 | D:3      | Killed from afar by an orc priest

Illustrated notes

Levels and vault maps discovered:
D:1:      minmay_arrival_three_doors, layout_basic,
          shapermc_ecumenical_altar_petra, minmay_misc_feat_diagonals
D:2:      layout_basic, minmay_misc_feat_five, chequers_serial_rivers_micro_b
D:3:      layout_basic, serial_shops, shop

Skill      XL: |  1  2 |
---------------+-------+-----
Earth Magic    | 4 |  4.7
Dodging        | |  1.5
Stealth        | |  2.5
Spellcasting   | |  2.8
Transmutations | |  0.7

Action                   || total
-------------------------++-------
Melee: Unarmed           ||   131
 Cast: Sandblast         ||    28
 Stab: Sleeping          ||     1
Armor: Robe              ||    63
Dodge: Dodged            ||    92

Table legend: (Time is in decaauts)
 A = Elapsed time spent in this place.
 B = Non-inter-level travel time spent in this place.
 C = Inter-level travel time spent in this place.
 D = Time resting spent in this place.
 E = Time spent auto-exploring this place.
 F = Levels seen in this place.
 G = Mean time per level.
                   A        B        C        D        E       F      G
               +--------+--------+--------+--------+--------+-----+--------+
         Total |   2759 |   2691 |     68 |      0 |   2322 |   3 |  919.7 |
       Dungeon |   2759 |   2691 |     68 |      0 |   2322 |   3 |  919.7 |
               +--------+--------+--------+--------+--------+-----+--------+

Top non-repeatable levels by time:
     D:1: 1666 daAuts
     D:2: 995 daAuts
     D:3: 97 daAuts
